 Dungeon Crawl Stone Soup version v3.33-hellcrawl-38-g61495e2 (webtiles) character file.

33 qqqbard the Basher (level 11, -1/63 HPs) *CASUAL*
             Began as a Gargoyle Monk on July 21, 2017.
             Was a Priest of Makhleb.
             Slain by a neqoxec (5 damage)
             ... summoned by the player character
             ... in a bailey.
             The game lasted 00:13:51 (5664 turns).

qqqbard the Basher (Gargoyle Monk)                  Turns: 5664, Time: 00:13:52

Health: -1/63      AC: 21 (42%)Str: 18    XL:     11   Next: 43%
Magic:  11/11      EV: 12    Int:  9 (11) God:    Makhleb [***...]
Gold:   584        SH:  0    Dex:  7      Spells: 10/10 levels left

rFire    . . .     SeeInvis .   m - +0 morningstar
rCold    + . .     Faith    .   (no shield)
rNeg     + . .     Spirit   .   k - +2 scale mail {rC+}
rPois    ∞         Reflect  .   (no helmet)
rElec    +                      (no cloak)
rCorr    .                      q - +1 pair of gloves
MR       .....                  g - +0 pair of boots
Stlth    ..........             (no amulet)
Regen    0.2/turn               (no ring)
MPRegen  0.2/turn               (no ring)

@: no status effects
A: [blurry vision 1], [clumsy], [frail 1], negative energy resistance 1,
[screaming 1], electricity resistance, unbreathing, petrification resistance,
rot immunity, AC +7
a: Minor Destruction, Lesser Servant of Makhleb, Renounce Religion


You were in a bailey.
You worshipped Makhleb.
Makhleb was most pleased with you.
You were not hungry.

You visited 1 branch of the dungeon, and saw 7 of its levels.
You also visited: Sewer and Bailey.

You collected 584 gold pieces.

Inventory:

Hand Weapons
 m - a +0 morningstar (weapon)
Missiles
 c - 2522 stones (quivered)
 d - 137 poisoned darts
 f - 305 bolts
 l - 566 arrows
 u - 58 javelins
 v - 110 tomahawks
Armour
 a - a +0 plate armour
 g - a +0 pair of boots (worn)
 k - a +2 scale mail of cold resistance (worn)
 q - a +1 pair of gloves (worn)
Jewellery
 i - an uncursed ring of magical power
 t - an uncursed ring of fire
 x - an uncursed ring of protection from magic
 y - a +3 ring of dexterity
Wands
 w - a wand of slowing (4)
 z - a wand of iceblast (9)
 B - a wand of disintegration (5)
Scrolls
 e - 3 scrolls of amnesia
 j - 2 scrolls of enchant weapon
 n - 3 scrolls of fear
 r - 2 scrolls of enchant armour
 s - 2 scrolls of blinking
 A - a scroll of fog
Potions
 b - 4 potions of curing
 h - a potion of heal wounds
 o - a potion of mutation
 p - a potion of agility


   Skills:
 + Level 9.4 Fighting
 * Level 11.3 Maces & Staves
 + Level 8.6 Armour
 + Level 7.0 Dodging
 - Level 2.1 Stealth


You had 10 spell levels left.
You didn't know any spells.

Dungeon Overview and Level Annotations

Branches:
Dungeon (7/15)

Altars:
Cheibriados
Dithmenos
Elyvilon
Gozag
Hepliaklqana
Kikubaaqudgha
Makhleb
Nemelex Xobeh
Okawaru
Qazlal
Ru
Sif Muna
Uskayaw
Vehumet
Xom
Yredelemnul
Zin
The Shining One
Jiyva


Innate Abilities, Weirdness & Mutations

You are resistant to torment.
Your stone body is resilient. (AC +7)
You are immune to poison.
You resist negative energy. (rN+)
You are resistant to electric shocks. (rElec)
You can survive without breathing.
You are immune to petrification.
You are immune to rotting.
[Scrolls take you a little longer to read.]
[You are clumsy. (Dex -5)]
[You are frail. (-10% HP)]
[You occasionally shout uncontrollably at your foes.]


Message History

The neqoxec is almost dead.
The neqoxec hits you but does no damage.
The orc warrior hits you from afar with a +0 halberd (10)!
* * * LOW HITPOINT WARNING * * *
The orc warrior hits you but does no damage.
A demon appears!
It doesn't seem very happy.
The neqoxec hits you (3).
* * * LOW HITPOINT WARNING * * *
The orc warrior closely misses you. The orc warrior barely misses you.
Unknown command.
The neqoxec gestures at you.
You feel dopey. Something feeds on your intellect!
The neqoxec gestures.
You feel the urge to shout.
The neqoxec gestures.
You feel frail.
Your vision blurs.
The neqoxec hits you (5).
You die...

#...#
#.oo#
#oo.#
###o###
##.3o..##
#..o....#
#.......#
#..3....#
#.@.....#
#.......#
#....)..#
#..)))).#
#..)))).#
#∩..).)∩#
#.......#
##..∩..##
#######


You could see 2 neqoxecs, 3 orc warriors and 3 orcs.

Vanquished Creatures
  Prince Ribbit (D:6)
  Eustachio (D:5)
  An angry ghost (D:5)
  A water moccasin (D:5)
  An ice beast (D:6)
  3 orc warriors
  2 ogres
  3 centaurs
  2 bullfrogs
  2 wyvern skeletons
  A water moccasin skeleton (D:4)
  2 howler monkeys (D:3)
  A centaur zombie (D:6)
  A jelly (D:7)
  4 hounds
  4 orc priests
  A bullfrog skeleton (D:6)
  A centaur skeleton (D:3)
  7 orc wizards
  4 worker ants
  3 iguanas
  A hound skeleton (D:4)
  Samantha (D:2)
  14 adders
  An ooze (D:5)
  2 dart slugs
  39 orcs
  6 quokkas
  8 ball pythons
  11 giant cockroaches
  24 goblins
  9 hobgoblins
  4 jackals (D:5)
  10 bats
  15 frilled lizards
  9 kobolds
  7 rats
207 creatures vanquished.

Vanquished Creatures (others)
  An elemental wellspring (D:1)
  A minotaur (D:1)
  A mummy (D:1)
3 creatures vanquished.

Grand Total: 210 creatures vanquished

Notes
Turn   | Place    | Note
-------+----------+-------------------------------------------
     0 | D:1      | qqqbard the Gargoyle Monk began the quest for the Orb.
     0 | D:1      | Reached XP level 1. HP: 14/14 MP: 1/1
     2 | D:1      | Noticed a draconian
     2 | D:1      | Noticed a minotaur
     2 | D:1      | Noticed a naga
     2 | D:1      | Noticed a gargoyle
     2 | D:1      | Noticed a spriggan
     2 | D:1      | Noticed a minotaur
     2 | D:1      | Noticed an elemental wellspring
     2 | D:1      | Noticed an octopode
     2 | D:1      | Noticed an ogre
     2 | D:1      | Noticed a minotaur
     2 | D:1      | Noticed a spriggan
     2 | D:1      | Noticed a gargoyle
     2 | D:1      | Killed a minotaur
     2 | D:1      | Reached skill level 7 in Maces & Staves
     2 | D:1      | Reached skill level 5 in Armour
     2 | D:1      | Reached XP level 2. HP: 22/22 MP: 2/2
     2 | D:1      | Reached XP level 3. HP: 27/27 MP: 3/3
     2 | D:1      | Reached XP level 4. HP: 32/32 MP: 4/4
     2 | D:1      | Reached XP level 5. HP: 36/36 MP: 5/5
     2 | D:1      | Reached XP level 6. HP: 41/41 MP: 6/6
     2 | D:1      | Reached XP level 7. HP: 46/46 MP: 7/7
     2 | D:1      | Reached XP level 8. HP: 51/51 MP: 8/8
     8 | D:1      | Killed an elemental wellspring
     8 | D:1      | Reached skill level 9 in Maces & Staves
     8 | D:1      | Reached skill level 5 in Dodging
     8 | D:1      | Reached XP level 9. HP: 57/58 MP: 9/9
     8 | D:1      | Reached XP level 10. HP: 63/64 MP: 10/10
   837 | D:2      | Found a shimmering altar of Xom.
   838 | D:2      | Found a shimmering altar of Xom.
   838 | D:2      | Found a shimmering altar of Xom.
   838 | D:2      | Found a faded altar of an unknown god.
   838 | D:2      | Found a shadowy altar of Dithmenos.
   838 | D:2      | Found a shimmering altar of Xom.
   838 | D:2      | Found a shimmering altar of Xom.
   854 | D:2      | Found a shimmering altar of Xom.
   906 | D:2      | Found a viscous altar of Jiyva.
   919 | D:2      | Noticed Samantha
   955 | D:2      | Killed Samantha
  1471 | D:2      | Found a hazy altar of Hepliaklqana.
  1685 | D:3      | Found a radiant altar of Vehumet.
  2600 | D:4      | Found a burning altar of Makhleb.
  2623 | D:4      | Reached skill level 10 in Maces & Staves
  2755 | D:4      | Found an opulent altar of Gozag.
  2866 | D:4      | Found a white marble altar of Elyvilon.
  3039 | D:4      | Became a worshipper of Makhleb the Destroyer
  3039 | D:4      | Reached * piety under Makhleb
  3039 | D:4      | Reached ** piety under Makhleb
  3252 | D:4      | Found an ancient bone altar of Kikubaaqudgha.
  3292 | D:5      | Entered Level 5 of the Dungeon
  3439 | D:5      | Found a basalt altar of Yredelemnul.
  3462 | D:5      | Noticed Eustachio
  3492 | D:5      | Killed Eustachio
  3514 | D:5      | Found a sparkling altar of Nemelex Xobeh.
  3547 | D:5      | Found a glowing silver altar of Zin.
  3578 | D:5      | Found a snail-covered altar of Cheibriados.
  3779 | D:5      | Found a deep blue altar of Sif Muna.
  4168 | D:6      | Reached XP level 11. HP: 54/69 MP: 11/11
  4179 | D:6      | Found a stormy altar of Qazlal.
  4289 | D:6      | Found a glowing golden altar of the Shining One.
  4295 | D:6      | Noticed Prince Ribbit
  4312 | D:6      | Killed Prince Ribbit
  4322 | D:6      | Found a glowing drain.
  4332 | D:6      | Reached *** piety under Makhleb
  4340 | Sewer    | Entered a sewer
  4605 | Sewer    | Reached skill level 11 in Maces & Staves
  5034 | D:6      | Found an iron altar of Okawaru.
  5271 | D:7      | Found a hide-covered altar of Uskayaw.
  5283 | D:7      | Noticed a hand axe
  5283 | D:7      | Noticed a hand axe
  5329 | D:7      | Found a sacrificial altar of Ru.
  5376 | D:7      | Found a shadowy altar of Dithmenos.
  5482 | D:7      | Found a shimmering altar of Xom.
  5511 | D:7      | Found a flagged portal.
  5523 | Bailey   | Entered a bailey
  5649 | Bailey   | HP: 3/71 [orc warrior/+0 halberd (13)]
  5660 | Bailey   | HP: 3/71 [neqoxec[the player character] (3)]
  5664 | Bailey   | Slain by a neqoxec

Skill      XL: |  1  2  3  4  5  6  7  8  9 10 11 |
---------------+----------------------------------+-----
Fighting       | 6 7 8 9 |  9.4
Maces & Staves | 7 9 10 11 | 11.3
Armour         | 5 6 7 8 |  8.6
Dodging        | 4 5 6 7 |  7.0
Stealth        | |  2.1

Action                   |  1- 3 |  4- 6 |  7- 9 | 10-12 || total
-------------------------+-------+-------+-------+-------++-------
Melee: Mace              |       |       |     1 |   451 ||   452
       Flail             |       |       |       |    33 ||    33
       Morningstar       |       |       |       |   231 ||   231
Invok: Lesser Servant of |       |       |       |     2 ||     2
  Use: Potion            |       |       |       |     3 ||     3
       Scroll            |       |       |       |     1 ||     1
 Stab: Sleeping          |       |       |       |     3 ||     3
Armor: Scale mail        |       |       |       |   382 ||   382
       Robe              |       |       |       |    14 ||    14
Dodge: Dodged            |       |       |     3 |   552 ||   555
